 Dungeon Crawl Stone Soup version 0.19-a0-1013-g40768a3 (webtiles) character file.

112 Gagarin the Shooter (level 4, -11/36 HPs)
             Began as a Centaur Hunter on July 24, 2016.
             Killed from afar by crawlian's ghost (12 damage)
             ... with a flame tongue
             ... on level 3 of the Dungeon.
             The game lasted 00:08:17 (2774 turns).

Gagarin the Shooter (Centaur Hunter)                Turns: 2774, Time: 00:08:18

Health: -11/36     AC:  4    Str: 15    XL:     4   Next: 64%
Magic:  4/4        EV:  9    Int: 10    God:
Gold:   191        SH:  0    Dex: 10    Spells: 0 memorised, 3 levels left

rFire  . . .     SeeInvis .     b - +0 short sword
rCold  . . .     Gourm    .     c - +0 leather armour
rNeg   . . .     Faith    .     (no shield)
rPois  .         Spirit   .     (no helmet)
rElec  .         Dismiss  .     (no cloak)
rCorr  .         Reflect  .     (no gloves)
SustAt .         Harm     .     (no barding)
MR     .....                    (no amulet)
Stlth  +.........               (no ring)
                                (no ring)

@: very quick, not resistant to hostile enchantments, very unstealthy
A: hooves 3, deformed body, speed 2, tough skin 3
a: no special abilities


You were on level 3 of the Dungeon.
You were not hungry.

You visited 1 branch of the dungeon, and saw 4 of its levels.

You collected 191 gold pieces.

Inventory:

Hand Weapons
 a - a +1 shortbow
 b - a +0 short sword (weapon)
Missiles
 d - 4 arrows
 l - 5 silver javelins (quivered)
Armour
 c - a +0 leather armour (worn)
Wands
 h - a wand of iceblast (5/15)
Scrolls
 e - 3 scrolls of identify {unknown}
 i - a scroll of teleportation {unknown}
 j - a scroll of fog {unknown}
Potions
 m - a potion of heal wounds {unknown}
 n - a potion of magic {unknown}
 o - a potion of lignification {unknown}
 p - a potion of cure mutation {unknown}
 q - 2 potions of mutation {unknown}
Comestibles
 f - 5 bread rations
 g - 2 meat rations
 k - 2 beef jerkies
 r - a chunk of flesh


   Skills:
 + Level 2.1 Fighting
 + Level 7.3 Bows
 + Level 0.2 Throwing
 + Level 0.7 Armour
 + Level 1.8 Dodging
 + Level 0.6 Stealth


You had 3 spell levels left.
You didn't know any spells.

Dungeon Overview and Level Annotations

Branches:
Dungeon (4/15)
 Temple: D:4-7

Altars:
Dithmenos
Fedhas
Yredelemnul

Annotations:
D:3 crawlian's ghost, weakling DEFE


Innate Abilities, Weirdness & Mutations

You have hooves in place of feet.
Armour fits poorly on your strangely shaped body.
You cover ground very quickly.
You have extremely tough skin. (AC +3)


Message History

Okay, then.
You hit the orc.
The orc is almost dead.
The orc hits you but does no damage.
You hit the orc.
You kill the orc!
Crawlian's ghost points at you and mumbles some strange words.
The flame tongue misses you.
You barely miss the orc wizard.
You feel sick.
You are no longer poisoned.
The orc wizard hits you with an enchanted dagger.
Crawlian's ghost gestures at you while chanting.
The flame tongue hits you!
* * * LOW HITPOINT WARNING * * *
You closely miss the orc wizard.
The orc wizard gestures wildly while chanting.
The orc wizard blinks!
Crawlian's ghost casts a spell at you. The flame tongue hits you!
You die...

#........⌠#.._#_..#
#.........##..#..#
###'#####..'#.#.#+
#...........#####. #
.....W.......⌠#⌠...#
..........######.#.
..........# #..
..........# #§#
..........# #@#
..........# #.#
..........# #W#
..........######.#
...............o.#
.......###########
............#
............#
.##.........#


You could see an orc wizard and crawlian's ghost.

Vanquished Creatures
  A gnoll (D:2)
  An adder (D:2)
  An ooze (D:1)
  A worm (D:2)
  A dart slug (D:2)
  3 giant geckos
  7 orcs
  A ball python (D:3)
  7 bats
  5 giant cockroaches
  14 goblins
  11 hobgoblins
  3 kobolds
  2 quokkas (D:3)
  4 giant newts
  5 rats
67 creatures vanquished.

Notes
Turn   | Place    | Note
-------+----------+-------------------------------------------
     0 | D:1      | Gagarin the Centaur Hunter began the quest for the Orb.
     0 | D:1      | Reached XP level 1. HP: 17/17 MP: 1/1
   131 | D:1      | Reached XP level 2. HP: 24/24 MP: 2/2
   233 | D:1      | Reached skill level 6 in Bows
   754 | D:2      | Reached XP level 3. HP: 27/29 MP: 3/3
  1365 | D:2      | Reached skill level 7 in Bows
  1373 | D:2      | Reached XP level 4. HP: 29/36 MP: 4/4
  1629 | D:3      | Noticed crawlian's ghost (weakling DEFE)
  2089 | D:3      | Found a shadowy altar of Dithmenos.
  2089 | D:3      | Found a basalt altar of Yredelemnul.
  2090 | D:3      | Found a blossoming altar of Fedhas.
  2117 | D:4      | Noticed a phantom
  2773 | D:3      | HP: 1/36 [crawlian's ghost/flame tongue (12)]
  2774 | D:3      | Killed from afar by crawlian's ghost

Vault maps used:
D:1:      zaba_arrival_water, minivault_11
D:2:      kennysheep_the_goblin_king
D:3:      nicolae_overflow_quartered_altars, first_bread,
          grunt_decor_one_mirror, kennysheep_generic_room_3
D:4:      portal_sewer_entry_d

Skill      XL: |  1  2  3 |
---------------+----------+-----
Bows           | 6 7 |  7.3
Fighting       | |  2.1
Throwing       | |  0.2
Armour         | |  0.7
Dodging        | |  1.8
Stealth        | |  0.6

Action                   |  1- 3 |  4- 6 || total
-------------------------+-------+-------++-------
Melee: Short sword       |    18 |    58 ||    76
       Kick              |     3 |    16 ||    19
 Fire: Shortbow          |   107 |    30 ||   137
Throw: Javelin           |       |     5 ||     5
  Eat: Chunk             |       |     4 ||     4
Armor: Leather armour    |    17 |    27 ||    44
Dodge: Dodged            |    25 |    35 ||    60
